Map: Rhoskallian LE

Players

Bit

  • Race: Terran Terran
  • League: Diamond
  • Spawn Location: 11:00

Bayek

  • Race: Zerg Zerg
  • League: Diamond
  • Spawn Location: 12:00

Massa - Winner!

  • Race: Terran Terran
  • League: Platinum
  • Spawn Location: 6:00

qqq - Winner!

  • Race: Zerg Zerg
  • Spawn Location: 5:00

VOD

Have the link to the VOD?

Description

Time

  • Played on: Nov. 1, 2020, 12:37 p.m.
  • Length: 14:16
Show
View Real Time Build Order
Export as new Build Order

Bit Terran 

Build Orders: 2 Factory, Reaper Expand, Mech 

Get SALT Encoding   

  12  0:00  SCV  
  13  0:12  SCV  
  14  0:18  Supply Depot  
  14  0:24  SCV  
  15  0:37  Refinery  
  15  0:40  SCV  
  16  0:46  Barracks  
  16  0:55  SCV  
  17  1:08  SCV  
  18  1:26  SCV  
  19  1:40  Reaper, Orbital Command  
  20  1:52  Command Center  
  20  1:57  Refinery  
  20  2:04  Factory  
  20  2:18  SCV  
  21  2:30  SCV  
  22  2:40  Barracks Reactor  
  22  2:51  SCV  
  22  2:58  Factory  
  25  3:23  Supply Depot  
  23  3:32  Orbital Command  
  23  3:33  SCV  
  24  3:42  Hellion  
  24  3:43  Hellion  
  24  3:44  Marine  
  24  3:45  Supply Depot  
  24  3:46  Factory Tech Lab  
  29  4:02  Marine  
  30  4:03  SCV  
  30  4:04  SCV  
  30  4:09  Supply Depot  
  32  4:11  Infernal Pre-Igniter  
  32  4:12  Hellion x2  
  32  4:13  Hellion  
  38  4:25  Armory  
  38  4:27  Barracks Tech Lab  
  38  4:30  SCV x2  
  40  4:34  Factory  
  40  4:50  SCV x2  
  41  5:01  Engineering Bay  
  41  5:02  SCV x2  
  43  5:11  Thor  
  49  5:14  SCV x2  
  51  5:22  Factory  
  51  5:29  Thor  
  51  5:32  SCV x2  
  59  5:38  Missile Turret  
  59  5:48  SCV x2  
  61  5:52  Refinery  
  61  6:00  SCV, Supply Depot  
  62  6:22  Thor  
  68  6:28  Command Center  
  62  7:24  Thor  
  62  7:25  Factory Tech Lab  
  62  7:27  Hellbat  
  70  7:57  Supply Depot  
  70  7:58  Supply Depot  
  70  8:02  Command Center  
  70  8:18  Supply Depot  
  70  8:19  SCV x2, Thor, Hellbat x3  
  86  8:20  Supply Depot, Hellbat  
  86  8:27  Missile Turret  
  86  8:39  SCV x2  
  86  8:40  Thor  
  86  8:41  Supply Depot  
  94  8:42  Thor, Hellbat  
  94  8:44  Supply Depot  
  94  8:47  Missile Turret  
  102  8:48  Thor  
  102  8:51  Command Center  
  102  9:01  Refinery  
  102  9:02  SCV x2  
  104  9:05  Supply Depot  
  104  9:06  Supply Depot  
  104  9:07  Supply Depot  
  104  9:08  Missile Turret  
  104  9:11  Thor x4  
  104  9:14  SCV x2  
  106  9:18  Thor  
  112  9:26  SCV  
  112  9:27  SCV  
  112  9:30  Supply Depot  
  114  9:56  Thor x2  
  126  10:03  Thor  
  126  10:04  Orbital Command  
  126  10:06  Supply Depot  
  132  10:09  Supply Depot  
  132  10:10  Terran Vehicle Weapons Level 1  
  132  10:13  Orbital Command  
  132  10:30  Supply Depot  
  132  10:32  Supply Depot  
  132  10:37  SCV x3  
  132  10:41  Missile Turret  
  135  10:49  SCV x3  
  138  10:56  Armory  
  138  11:00  SCV  
  138  11:01  SCV x3, Missile Turret  
  142  11:04  Siege Tank x2  
  148  11:12  SCV  
  148  11:13  SCV  
  148  11:18  Sensor Tower  
  150  11:23  Missile Turret  
  150  11:44  Missile Turret  
  150  11:51  Sensor Tower  
  150  11:58  Starport, Terran Vehicle And Ship Armor Level 1  
  150  12:04  Missile Turret  
  150  12:26  Missile Turret  
  126  12:39  Sensor Tower  
  120  12:45  Missile Turret  
  92  13:00  Thor x2  
  92  13:03  Hellbat x3  
  78  13:10  SCV x2  
  78  13:11  SCV  
  75  13:14  Refinery x2  
  75  13:24  Hellbat  
  75  13:25  Hellbat x2  
  75  13:26  Starport Tech Lab  
  81  13:43  Hellbat x2  
  81  13:45  Hellbat  
  81  13:46  Hellbat x2  
Show
View Real Time Build Order
Export as new Build Order

Bayek Zerg 

Build Orders: Pool First 

Get SALT Encoding   

  12  0:00  Drone  
  13  0:08  Drone  
  14  0:18  Overlord  
  14  0:29  Extractor  
  14  0:30  Drone  
  14  0:37  Drone  
  14  0:38  Drone  
  16  0:48  Spawning Pool  
  15  0:56  Drone  
  15  0:57  Drone  
  17  1:31  Drone  
  17  1:32  Drone x2  
  20  1:36  Roach Warren, Queen  
  21  1:57  Hatchery  
  20  2:04  Overlord  
  20  2:24  Roach x3  
  26  2:42  Overlord  
  26  2:52  Roach x2  
  26  2:58  Lair  
  30  3:00  Drone x2  
  32  3:22  Roach x4  
  32  3:24  Roach  
  42  3:33  Overlord  
  42  3:34  Drone  
  43  3:44  Overlord  
  43  3:54  Drone  
  43  3:55  Drone x3  
  47  3:56  Drone  
  47  4:01  Extractor  
  47  4:03  Glial Reconstitution  
  47  4:17  Burrow  
  47  4:18  Drone x3  
  50  4:26  Drone x2  
  50  4:27  Drone  
  53  4:42  Drone x4  
  53  4:44  Spore Crawler  
  56  4:47  Spore Crawler  
  56  4:50  Spore Crawler  
  56  4:52  Spore Crawler  
  53  5:12  Hydralisk Den  
  53  5:14  Drone x3  
  53  5:16  Drone x3  
  58  5:21  Queen  
  58  5:22  Tunneling Claws  
  58  5:24  Overlord  
  60  5:43  Drone  
  60  5:44  Drone x2  
  60  5:45  Hatchery  
  62  6:01  Drone x2  
  62  6:02  Drone x4  
  68  6:05  Extractor, Overlord x2  
  68  6:07  Extractor, Overseer  
  66  6:17  Drone x2  
  68  6:31  Grooved Spines  
  68  6:45  Spore Crawler  
  67  7:02  Baneling Nest  
  67  7:06  Hydralisk  
  67  7:07  Hydralisk x10  
  88  7:20  Overlord x4  
  88  7:24  Roach x10  
  88  7:39  Roach x9  
  88  7:42  Muscular Augments  
  84  8:03  Queen  
  68  8:08  Hydralisk x12  
  92  8:26  Overlord x2  
  89  8:49  Zergling x12  
  95  9:05  Zergling x6  
  98  9:14  Zergling x6  
  98  9:15  Zergling x6  
  104  9:17  Hatchery  
  103  9:29  Zergling x2  
  103  9:30  Zergling x4  
  106  9:45  Zergling x16  
  113  10:15  Baneling  
  113  10:16  Baneling x23  
  113  10:17  Baneling x28  
  113  10:34  Centrifical Hooks  
  113  10:59  Overlord x3  
  113  11:18  Hatchery  
  76  12:29  Roach  
  56  12:30  Roach x24  
  56  12:31  Roach x3  
  100  12:43  Queen  
  98  13:01  Spire  
Show
View Real Time Build Order
Export as new Build Order

Massa Terran - Winner!

Build Orders: Mech 

Get SALT Encoding   

  12  0:00  SCV  
  13  0:12  SCV  
  14  0:23  Supply Depot  
  14  0:24  SCV  
  15  0:45  SCV  
  15  0:46  Barracks  
  16  0:51  Refinery  
  16  0:55  Supply Depot  
  16  0:57  SCV  
  17  1:08  Supply Depot  
  17  1:10  SCV  
  18  1:22  SCV  
  19  1:34  Reaper  
  19  1:35  SCV  
  21  1:47  Orbital Command  
  21  2:10  Marine, Command Center  
  22  2:28  SCV  
  23  2:43  Factory  
  23  2:46  Supply Depot  
  23  3:04  SCV  
  24  3:13  Barracks Reactor  
  24  3:16  SCV  
  24  3:20  Refinery  
  24  3:24  Orbital Command  
  24  3:28  Refinery, SCV  
  24  3:29  Factory Tech Lab  
  25  3:40  SCV  
  26  3:43  Starport  
  26  3:50  Barracks, Supply Depot  
  26  3:51  Marine x2  
  26  3:52  SCV, Supply Depot  
  29  3:55  Siege Tank  
  29  4:02  SCV  
  33  4:04  SCV  
  33  4:09  Engineering Bay, Marine  
  35  4:19  SCV x2  
  37  4:28  Siege Tank  
  40  4:31  SCV  
  41  4:44  Starport Reactor  
  41  4:45  Barracks Tech Lab  
  41  4:46  SCV x2  
  41  4:49  Command Center  
  43  5:10  Marine x2  
  43  5:12  Stimpack  
  47  5:14  Marauder  
  47  5:18  SCV x2  
  49  5:24  Refinery  
  49  5:27  Missile Turret  
  49  5:28  Marine x2  
  49  5:30  SCV x2, Missile Turret  
  49  5:32  Medivac  
  49  5:35  Marauder  
  57  5:46  Marine  
  57  5:49  Barracks  
  58  5:57  Marauder  
  60  5:59  Command Center  
  60  6:01  Missile Turret  
  60  6:15  Siege Tank  
  60  6:17  Marine x2  
  60  6:18  Marauder  
  67  6:26  Viking x2  
  71  6:35  Barracks Reactor, Marine x2  
  71  6:39  Marauder  
  75  6:52  Marine  
  75  6:53  Marine  
  70  7:22  Orbital Command  
  70  7:24  SCV x2  
  70  7:29  Marauder  
  74  7:30  Marine x4  
  74  7:36  SCV x2  
  80  7:44  Factory  
  80  7:46  Orbital Command  
  80  7:47  Marine  
  80  7:48  SCV, Marine x2  
  80  7:49  Factory  
  80  7:50  Marauder  
  79  8:01  Combat Shield  
  74  8:12  Marauder  
  76  8:17  SCV x3  
  79  8:23  Missile Turret  
  79  8:27  Missile Turret  
  79  8:29  SCV x3  
  79  8:30  Sensor Tower  
  79  8:33  Marauder  
  84  8:35  Terran Infantry Weapons Level 1  
  84  8:36  Sensor Tower  
  84  8:38  Engineering Bay  
  84  8:41  SCV x2, Armory  
  85  8:46  SCV  
  87  8:49  Refinery  
  87  8:50  Refinery  
  87  8:51  Marine  
  87  8:53  SCV x2  
  87  8:55  Factory Tech Lab x2, Marauder  
  92  8:58  SCV, Medivac  
  92  9:00  Medivac  
  97  9:05  SCV x2  
  97  9:07  Planetary Fortress  
  99  9:10  SCV  
  99  9:16  Marauder  
  102  9:17  SCV x2  
  102  9:20  Concussive Shells  
  102  9:22  SCV  
  102  9:23  Marine x3  
  108  9:32  Supply Depot  
  108  9:33  Supply Depot  
  108  9:34  Supply Depot  
  108  9:36  Supply Depot  
  108  9:40  Terran Infantry Armor Level 1  
  108  9:54  SCV, Marauder, Marine x4, Medivac, Siege Tank  
  108  9:55  Siege Tank  
  108  9:56  Siege Tank  
  126  10:03  SCV x3  
  126  10:06  SCV  
  130  10:12  Marine x2  
  132  10:15  SCV x2  
  132  10:16  Marauder  
  136  10:29  Medivac x2  
  140  10:41  Terran Vehicle Weapons Level 1  
  140  10:44  Armory  
  140  11:02  Supply Depot  
  140  11:03  Supply Depot  
  140  11:04  Supply Depot x3  
  140  11:17  Refinery  
  140  11:22  Refinery  
  140  11:23  SCV x3, Marine x2, Siege Tank  
  140  11:24  Missile Turret  
  140  11:25  SCV, Marauder, Marine x2, Siege Tank x2  
  159  11:26  Missile Turret, Supply Depot  
  159  11:28  Missile Turret, Supply Depot  
  159  11:35  SCV x3  
  159  11:37  SCV  
  163  11:41  Sensor Tower, Marine  
  166  11:47  Marauder  
  166  11:48  SCV  
  166  11:50  SCV x3  
  170  11:56  Widow Mine  
  170  11:57  Widow Mine  
  170  11:58  Widow Mine  
  170  12:00  SCV  
  177  12:02  SCV x2  
  177  12:08  Marauder  
  181  12:17  Widow Mine  
  181  12:19  Widow Mine  
  145  12:48  Marauder, Marine x4  
  145  12:50  Siege Tank x3  
  154  13:06  Marine x4  
  154  13:09  Marauder  
  154  13:12  Medivac x2  
  164  13:22  Siege Tank x2  
  164  13:23  Marine  
  164  13:24  Marine x3  
  174  13:30  Marauder  
  176  13:42  Medivac  
  178  13:52  Marauder  
  180  14:08  Command Center  
Show
View Real Time Build Order
Export as new Build Order

qqq Zerg - Winner!

Build Orders: Hatch First, Brood Lord Corruptor 

Get SALT Encoding   

  12  0:02  Drone  
  13  0:10  Drone  
  14  0:40  Hatchery  
  13  0:57  Spawning Pool  
  12  1:09  Overlord  
  12  1:11  Drone  
  14  1:18  Drone  
  14  1:29  Drone, Extractor  
  14  1:39  Drone  
  15  1:47  Queen  
  15  1:48  Drone  
  18  1:59  Drone  
  18  2:00  Drone  
  20  2:11  Queen  
  22  2:20  Extractor  
  22  2:22  Drone x2  
  23  2:25  Drone  
  23  2:29  Drone  
  25  2:45  Drone, Spine Crawler  
  25  2:46  Drone  
  25  2:51  Drone  
  27  2:57  Lair  
  27  3:00  Drone  
  28  3:06  Overlord  
  28  3:11  Extractor, Drone  
  28  3:25  Drone  
  29  3:30  Drone  
  29  3:31  Drone, Spine Crawler  
  29  3:33  Drone  
  31  3:36  Spine Crawler  
  31  3:37  Drone  
  31  3:50  Drone x2  
  31  3:51  Drone  
  34  3:56  Spine Crawler  
  34  4:00  Drone x3  
  36  4:08  Overlord  
  36  4:15  Spire  
  35  4:20  Overlord  
  35  4:21  Drone  
  36  4:24  Extractor  
  36  4:25  Drone  
  36  4:26  Drone  
  36  4:29  Drone  
  38  4:31  Drone  
  39  4:43  Drone x2  
  41  4:47  Drone x2  
  41  4:49  Drone  
  44  4:53  Overlord x2  
  44  4:54  Drone  
  45  5:00  Extractor  
  45  5:02  Drone  
  45  5:27  Drone x3  
  45  5:28  Hatchery  
  47  5:31  Mutalisk x2  
  51  5:35  Overlord  
  51  5:39  Zerg Flyer Weapons Level 1  
  51  5:41  Drone  
  52  5:43  Hatchery  
  52  5:44  Drone  
  52  5:50  Mutalisk  
  52  5:51  Mutalisk  
  52  5:55  Mutalisk  
  58  6:03  Mutalisk  
  58  6:04  Mutalisk  
  58  6:05  Overlord  
  58  6:09  Mutalisk  
  64  6:11  Mutalisk  
  66  6:22  Mutalisk x2  
  70  6:39  Mutalisk x2  
  70  6:41  Drone  
  75  6:49  Mutalisk  
  75  6:50  Overlord  
  75  6:51  Overlord x5  
  77  7:01  Mutalisk  
  77  7:03  Drone  
  77  7:04  Drone x2  
  82  7:08  Overlord  
  82  7:11  Mutalisk  
  84  7:21  Infestation Pit  
  83  7:46  Mutalisk x3  
  83  7:51  Drone x6  
  95  8:11  Hatchery  
  95  8:12  Hatchery, Hive  
  93  8:14  Drone  
  93  8:15  Drone x3  
  97  8:23  Queen  
  97  8:24  Drone x2  
  97  8:25  Mutalisk x3  
  97  8:26  Overlord x2  
  107  8:27  Overlord  
  103  8:54  Drone x2  
  103  8:55  Drone x2  
  107  8:58  Extractor, Queen  
  107  8:59  Drone x2  
  107  9:00  Extractor, Mutalisk x3  
  115  9:13  Mutalisk  
  115  9:14  Mutalisk  
  115  9:16  Overlord  
  115  9:17  Overlord  
  119  9:18  Drone  
  119  9:19  Drone x3  
  119  9:21  Spore Crawler  
  122  9:25  Extractor  
  122  9:26  Extractor  
  122  9:27  Spine Crawler, Spore Crawler  
  122  9:28  Spine Crawler x2  
  116  9:36  Spine Crawler  
  111  9:43  Drone x5  
  111  9:44  Drone x3, Corruptor x4  
  127  9:50  Drone x4  
  131  9:53  Overlord  
  131  9:54  Corruptor  
  131  9:59  Greater Spire  
  125  10:14  Drone x4  
  125  10:15  Drone x5  
  125  10:18  Metabolic Boost  
  134  10:23  Evolution Chamber  
  134  10:25  Evolution Chamber  
  134  10:26  Corruptor  
  134  10:27  Corruptor x3  
  140  10:29  Drone x3  
  140  10:30  Drone x3  
  146  10:44  Drone x2, Spine Crawler  
  146  10:45  Drone x4, Spine Crawler  
  150  10:50  Corruptor x3  
  150  10:53  Drone x4  
  160  11:05  Zerg Ground Armor Level 1  
  160  11:06  Zerg Melee Weapons Level 1  
  160  11:11  Drone  
  160  11:12  Drone x2  
  160  11:13  Ultralisk Cavern, Corruptor  
  164  11:19  Extractor x2  
  164  11:21  Brood Lord  
  164  11:26  Brood Lord  
  166  11:38  Brood Lord  
  168  11:40  Brood Lord  
  168  11:43  Drone x3  
  168  11:44  Drone x6  
  168  11:46  Extractor  
  178  11:47  Extractor  
  177  11:57  Corruptor x2  
  177  11:58  Zergling x12  
  177  11:59  Zergling x8  
  191  12:01  Brood Lord  
  191  12:02  Brood Lord  
  191  12:06  Brood Lord  
  197  12:11  Brood Lord  
  193  12:23  Brood Lord  
  193  12:26  Brood Lord x2  
  155  12:37  Zergling x4  
  155  12:38  Ultralisk x2  
  155  12:39  Zergling x8  
  169  12:56  Corruptor x2  
  169  12:57  Ultralisk x2  
  169  12:58  Drone x4  
  183  12:59  Zergling x10  
  186  13:10  Ultralisk, Corruptor x2  
  195  13:15  Mutalisk x2  
  199  13:32  Anabolic Synthesis  
  199  13:37  Zergling x2  
Tags
 
Add a new tag
Caveats
  • Supply blocks, unpowered buildings, or Contaminate may cause inaccurate times.
  • Supply counts are checked every 10 seconds.